| TOP OF THE 1ST |
|
Norfolk Tides batting - Pitching for Salt Lake Bees : RHP Ricky Castillo
|
|
Pitching: RHP Ricky Castillo
|
|
|
Batting: RHB Francisco Viera
|
0-0: Called Strike 0-1: SINGLE (Line Drive, 4MD, EV 103.8 MPH)
|
|
Batting: RHB Bobby Melillo
|
0-0: Ball Francisco Viera steals 2nd base 1-0: Swinging Strike 1-1: Ball 2-1: Called Strike 2-2: Foul Ball, location: 2F 2-2: Ground out 5-3 (Groundball, 5, EV 89.4 MPH)
|
|
Batting: LHB Jose Chinchilla
|
0-0: Ball 1-0: Ball 2-0: Ball 3-0: Called Strike 3-1: Base on Balls
|
|
Batting: RHB Travis Carter
|
0-0: Ball 1-0: Ball 2-0: Foul Ball, location: 2F 2-1: Fly out, F9 (Flyball, 9, EV 88.8 MPH)
|
|
Batting: LHB Tyler Allen
|
0-0: Ball 1-0: Swinging Strike 1-1: Swinging Strike 1-2: Fly out, F2 (Popup, 2R, EV 91.2 MPH)
|
| Top of the 1st over - 0 runs, 1 hit, 0 errors, 2 left on base; Norfolk 0 - Salt Lake 0 |
| BOTTOM OF THE 1ST |
|
Salt Lake Bees batting - Pitching for Norfolk Tides : RHP Ryan Hemmerich
|
|
Pitching: RHP Ryan Hemmerich
|
|
|
Batting: RHB Kian-tat Chen
|
0-0: Ball 1-0: Called Strike 1-1: Ball 2-1: Ball 3-1: SINGLE (Groundball, 4D, EV 108.1 MPH)
|
|
Batting: RHB Melvin Gomez
|
0-0: Called Strike 0-1: 2-RUN HOME RUN (Flyball, 7D, EV 105.6 MPH), Distance : 405 ft
|
|
Batting: LHB Micah Miller
|
0-0: Ball 1-0: Fly out, F4 (Popup, 4, EV 58.1 MPH)
|
|
Batting: LHB Brett Bugge
|
0-0: Called Strike 0-1: Foul Ball, location: 2F 0-2: Ball 1-2: Ball 2-2: Ball 3-2: Foul Ball, location: 2F 3-2: Strikes out swinging, 2-3 out at first.
|
|
Batting: RHB Jimmy Buzard
|
0-0: Called Strike 0-1: Swinging Strike 0-2: Ball 1-2: Fly out, F8 (Flyball, 8LS, EV 93.8 MPH)
|
| Bottom of the 1st over - 2 runs, 2 hits, 0 errors, 0 left on base; Norfolk 0 - Salt Lake 2 |
| TOP OF THE 2ND |
|
Norfolk Tides batting - Pitching for Salt Lake Bees : RHP Ricky Castillo
|
|
Batting: LHB James Betron
|
0-0: Ball 1-0: Ball 2-0: Called Strike 2-1: Ball 3-1: Base on Balls
|
|
Batting: RHB Ashton Holloway
|
0-0: Called Strike James Betron is caught stealing 2nd base 2-4 0-1: Ground out 6-3 (Groundball, 6, EV 85.6 MPH)
|
|
Batting: LHB Pat Shaddock
|
0-0: Ball 1-0: Called Strike 1-1: Ball 2-1: Called Strike 2-2: Strikes out swinging
|
| Top of the 2nd over - 0 runs, 0 hits, 0 errors, 0 left on base; Norfolk 0 - Salt Lake 2 |
| BOTTOM OF THE 2ND |
|
Salt Lake Bees batting - Pitching for Norfolk Tides : RHP Ryan Hemmerich
|
|
Batting: SHB Butch Brown
|
0-0: Foul Ball, location: 2F 0-1: Swinging Strike 0-2: Ball 1-2: Ball 2-2: SINGLE (Groundball, 56D, EV 106.9 MPH)
|
|
Batting: RHB Brandon Davis
|
0-0: Called Strike 0-1: Fielders Choice at 2nd, 5-4 (Groundball, 56, EV 101.9 MPH)
|
|
Batting: RHB Juan Martinez
|
0-0: Ball Wild Pitch! Brandon Davis to second 1-0: Swinging Strike 1-1: Ground out 5-3 (Groundball, 56S, EV 88.8 MPH)
|
|
Batting: RHB Kinya Nishimura
|
0-0: Called Strike 0-1: Ground out 6-3 (Groundball, 6M, EV 90.0 MPH)
|
| Bottom of the 2nd over - 0 runs, 1 hit, 0 errors, 1 left on base; Norfolk 0 - Salt Lake 2 |
| TOP OF THE 3RD |
|
Norfolk Tides batting - Pitching for Salt Lake Bees : RHP Ricky Castillo
|
|
Batting: RHB Andrew Korman
|
0-0: Ball 1-0: Called Strike 1-1: Called Strike 1-2: Strikes out swinging
|
|
Batting: RHB Francisco Viera
|
0-0: Ball 1-0: Called Strike 1-1: Ball 2-1: Called Strike 2-2: Foul Ball, location: 2F 2-2: Strikes out looking
|
|
Batting: RHB Bobby Melillo
|
0-0: Ball 1-0: Ball 2-0: Called Strike 2-1: Called Strike 2-2: Ball 3-2: Foul Ball, location: 2F 3-2: Base on Balls
|
|
Batting: LHB Jose Chinchilla
|
0-0: Called Strike Bobby Melillo is caught stealing 2nd base 2-6
|
| Top of the 3rd over - 0 runs, 0 hits, 0 errors, 0 left on base; Norfolk 0 - Salt Lake 2 |
| BOTTOM OF THE 3RD |
|
Salt Lake Bees batting - Pitching for Norfolk Tides : RHP Ryan Hemmerich
|
|
Batting: RHB Kian-tat Chen
|
0-0: Ball 1-0: Fly out, F9 (Flyball, 9, EV 93.1 MPH)
|
|
Batting: RHB Melvin Gomez
|
0-0: Foul Ball, location: 2F 0-1: Called Strike 0-2: Foul Ball, location: 2F 0-2: Ball 1-2: Strikes out looking
|
|
Batting: LHB Micah Miller
|
0-0: Called Strike 0-1: Ball 1-1: Called Strike 1-2: Foul Ball, location: 2F 1-2: Foul Ball, location: 2F 1-2: Foul Ball, location: 2F 1-2: Fly out, F8 (Flyball, 8RM, EV 85.0 MPH)
|
| Bottom of the 3rd over - 0 runs, 0 hits, 0 errors, 0 left on base; Norfolk 0 - Salt Lake 2 |
| TOP OF THE 4TH |
|
Norfolk Tides batting - Pitching for Salt Lake Bees : RHP Ricky Castillo
|
|
Batting: LHB Jose Chinchilla
|
0-0: Ball 1-0: Ball 2-0: SOLO HOME RUN (Flyball, 89XD, EV 102.5 MPH), Distance : 404 ft
|
|
Batting: RHB Travis Carter
|
0-0: Fly out, F9 (Flyball, 9S, EV 71.9 MPH)
|
|
Batting: LHB Tyler Allen
|
0-0: Foul Ball, location: 2F 0-1: Foul Ball, location: 2F 0-2: Ball 1-2: SINGLE (Groundball, P, EV 90.6 MPH) (infield hit)
|
|
Batting: LHB James Betron
|
0-0: Called Strike Tyler Allen steals 2nd base 0-1: Ball 1-1: Foul Ball, location: 2F 1-2: Foul Ball, location: 2F 1-2: Strikes out swinging
|
|
Batting: RHB Ashton Holloway
|
0-0: Ball 1-0: SINGLE (Line Drive, 6M, EV 98.8 MPH) Tyler Allen to third Runner from 3rd tries for Home, throw by CF and OUT! 8-2
|
| Top of the 4th over - 1 run, 3 hits, 0 errors, 1 left on base; Norfolk 1 - Salt Lake 2 |
| BOTTOM OF THE 4TH |
|
Salt Lake Bees batting - Pitching for Norfolk Tides : RHP Ryan Hemmerich
|
|
Batting: LHB Brett Bugge
|
0-0: Fly out, F7 (Line Drive, 7S, EV 93.8 MPH)
|
|
Batting: RHB Jimmy Buzard
|
0-0: Ball 1-0: Swinging Strike 1-1: Swinging Strike 1-2: Strikes out swinging
|
|
Batting: SHB Butch Brown
|
0-0: Called Strike 0-1: Ball 1-1: Ball 2-1: Foul Ball, location: 2F 2-2: Ball 3-2: Foul Ball, location: 2F 3-2: Ground out 4-3 (Groundball, 34, EV 100.6 MPH)
|
| Bottom of the 4th over - 0 runs, 0 hits, 0 errors, 0 left on base; Norfolk 1 - Salt Lake 2 |
| TOP OF THE 5TH |
|
Norfolk Tides batting - Pitching for Salt Lake Bees : RHP Ricky Castillo
|
|
Batting: LHB Pat Shaddock
|
0-0: Fly out, F8 (Flyball, 8LXD, EV 99.4 MPH)
|
|
Batting: RHB Andrew Korman
|
0-0: Ball 1-0: Ball 2-0: Swinging Strike 2-1: Called Strike 2-2: Ground out 4-3 (Groundball, 4, EV 109.4 MPH)
|
|
Batting: RHB Francisco Viera
|
0-0: SINGLE (Groundball, 56D, EV 110.0 MPH)
|
|
Batting: RHB Bobby Melillo
|
0-0: Ball 1-0: Ball 2-0: Called Strike 2-1: Foul Ball, location: 2F 2-2: Foul Ball, location: 2F 2-2: Foul Ball, location: 2F 2-2: Foul Ball, location: 2F 2-2: Ball 3-2: Base on Balls Francisco Viera to second
|
|
Batting: LHB Jose Chinchilla
|
0-0: Called Strike 0-1: Ball 1-1: Ball 2-1: Fielders Choice at 2nd, 6-4 (Groundball, 6, EV 100.6 MPH)
|
| Top of the 5th over - 0 runs, 1 hit, 0 errors, 2 left on base; Norfolk 1 - Salt Lake 2 |
| BOTTOM OF THE 5TH |
|
Salt Lake Bees batting - Pitching for Norfolk Tides : RHP Ryan Hemmerich
|
|
Batting: RHB Brandon Davis
|
0-0: Foul Ball, location: 2F 0-1: Called Strike 0-2: SINGLE (Groundball, 56, EV 86.2 MPH) (infield hit)
|
|
Batting: RHB Juan Martinez
|
0-0: Called Strike 0-1: Ball 1-1: Called Strike 1-2: Ball 2-2: Foul Ball, location: 2F 2-2: Grounds into double play, 5-4-3 (Groundball, 5, EV 82.5 MPH)
|
|
Batting: RHB Kinya Nishimura
|
0-0: Ball 1-0: Ball 2-0: Ball 3-0: Called Strike 3-1: Foul Ball, location: 2F 3-2: Ground out 6-3 (Groundball, 6, EV 94.4 MPH)
|
| Bottom of the 5th over - 0 runs, 1 hit, 0 errors, 0 left on base; Norfolk 1 - Salt Lake 2 |
| TOP OF THE 6TH |
|
Norfolk Tides batting - Pitching for Salt Lake Bees : RHP Ricky Castillo
|
|
Batting: RHB Travis Carter
|
0-0: Foul Ball, location: 2F 0-1: Ball 1-1: Swinging Strike 1-2: Strikes out swinging
|
|
Batting: LHB Tyler Allen
|
0-0: Ground out U3 (Groundball, 3L, EV 83.1 MPH)
|
|
Batting: LHB James Betron
|
0-0: Called Strike 0-1: Ball 1-1: Ball 2-1: Ball 3-1: Fly out, F4 (Line Drive, 4, EV 70.0 MPH)
|
| Top of the 6th over - 0 runs, 0 hits, 0 errors, 0 left on base; Norfolk 1 - Salt Lake 2 |
| BOTTOM OF THE 6TH |
|
Salt Lake Bees batting - Pitching for Norfolk Tides : RHP Ryan Hemmerich
|
|
Batting: RHB Kian-tat Chen
|
0-0: Called Strike 0-1: Ball 1-1: Foul Ball, location: 2F 1-2: Ball 2-2: Strikes out swinging
|
|
Batting: RHB Melvin Gomez
|
0-0: Called Strike 0-1: Fly out, F8 (Line Drive, 8LD, EV 105.6 MPH)
|
|
Batting: LHB Micah Miller
|
0-0: Ball 1-0: Ball 2-0: SINGLE (Line Drive, 9LS, EV 113.8 MPH)
|
|
Batting: LHB Brett Bugge
|
0-0: Ball 1-0: Ball 2-0: Ball 3-0: Base on Balls Micah Miller to second
|
|
Batting: RHB Jimmy Buzard
|
0-0: Called Strike 0-1: Foul Ball, location: 2F 0-2: Ball 1-2: Fly out, F7 (Flyball, 78M, EV 80.6 MPH)
|
| Bottom of the 6th over - 0 runs, 1 hit, 0 errors, 2 left on base; Norfolk 1 - Salt Lake 2 |
| TOP OF THE 7TH |
|
Norfolk Tides batting - Pitching for Salt Lake Bees : RHP Ricky Castillo
|
|
Batting: LHB Wes Goscinski
|
0-0: Swinging Strike 0-1: Ground out 1-3 (Groundball, 13S, EV 76.2 MPH)
|
|
Pitching: RHP Eric Cunningham
|
|
|
Batting: LHB Pat Shaddock
|
0-0: Ball 1-0: Foul Ball, location: 2F 1-1: Ball 2-1: Ball 3-1: Base on Balls
|
|
Batting: RHB Andrew Korman
|
0-0: Called Strike 0-1: Ball 1-1: Ball 2-1: Grounds into double play, 4-6-3 (Groundball, 4, EV 86.2 MPH)
|
| Top of the 7th over - 0 runs, 0 hits, 0 errors, 0 left on base; Norfolk 1 - Salt Lake 2 |
| BOTTOM OF THE 7TH |
|
Salt Lake Bees batting - Pitching for Norfolk Tides : RHP Ryan Hemmerich
|
|
Batting: SHB Butch Brown
|
0-0: Fly out, F8 (Flyball, 8LM, EV 95.6 MPH)
|
|
Batting: RHB Brandon Davis
|
0-0: Ball 1-0: Foul Ball, location: 2F 1-1: Ball 2-1: Ball 3-1: Called Strike 3-2: Foul Ball, location: 2F 3-2: Foul Ball, location: 2F 3-2: Foul Ball, location: 2F 3-2: Base on Balls
|
|
Pitching: LHP Juan Becerra
|
|
|
Batting: RHB Juan Martinez
|
0-0: Ball Brandon Davis steals 2nd base 1-0: Ground out U3 (Groundball, 34, EV 103.8 MPH) Brandon Davis to third
|
|
Batting: RHB Kinya Nishimura
|
0-0: Foul Ball, location: 2F 0-1: Ball 1-1: SINGLE (Groundball, 4, EV 107.5 MPH) Brandon Davis scores
|
|
Batting: RHB Kian-tat Chen
|
0-0: SINGLE (Flyball, 34D, EV 88.1 MPH) Kinya Nishimura to second
|
|
Batting: RHB Melvin Gomez
|
0-0: Fielders Choice at 2nd, 6-4 (Groundball, 6, EV 91.2 MPH)
|
| Bottom of the 7th over - 1 run, 2 hits, 0 errors, 2 left on base; Norfolk 1 - Salt Lake 3 |
| TOP OF THE 8TH |
|
Norfolk Tides batting - Pitching for Salt Lake Bees : RHP Eric Cunningham
|
|
Batting: RHB Francisco Viera
|
0-0: Ball 1-0: Ball 2-0: Swinging Strike 2-1: Foul Ball, location: 2F 2-2: Strikes out swinging
|
|
Batting: RHB Bobby Melillo
|
0-0: Called Strike 0-1: Ball 1-1: Ball 2-1: Ball 3-1: Base on Balls
|
|
Batting: LHB Jose Chinchilla
|
0-0: Swinging Strike 0-1: Ball 1-1: Ball 2-1: Ground out 5-3 (Groundball, 56, EV 98.1 MPH) Bobby Melillo to second
|
|
Pinch Hitting: SHB Brian Bentz
|
0-0: Ball 1-0: Ball 2-0: Foul Ball, location: 2F 2-1: Fly out, F7 (Line Drive, 7, EV 91.9 MPH)
|
| Top of the 8th over - 0 runs, 0 hits, 0 errors, 1 left on base; Norfolk 1 - Salt Lake 3 |
| BOTTOM OF THE 8TH |
|
Salt Lake Bees batting - Pitching for Norfolk Tides : LHP Juan Becerra
|
|
Now at 2B: Brian Bentz
|
|
|
Batting: LHB Micah Miller
|
0-0: Ball 1-0: Ball 2-0: Ball 3-0: Base on Balls
|
|
Batting: LHB Brett Bugge
|
0-0: Ball 1-0: Foul Ball, location: 2F 1-1: Fielders Choice at 2nd, 4-6 (Groundball, 4, EV 92.5 MPH)
|
|
Batting: RHB Jimmy Buzard
|
0-0: Ball 1-0: Called Strike 1-1: Ball 2-1: Swinging Strike 2-2: Ball 3-2: SINGLE (Flyball, 78S, EV 86.9 MPH) Brett Bugge to second
|
|
Batting: SHB Butch Brown
|
0-0: Called Strike 0-1: Fly out, F9 (Flyball, 89D, EV 91.9 MPH)
|
|
Batting: RHB Brandon Davis
|
0-0: Swinging Strike 0-1: Ball 1-1: Fielders Choice at 2nd, 6-4 (Groundball, 6MD, EV 103.1 MPH)
|
| Bottom of the 8th over - 0 runs, 1 hit, 0 errors, 2 left on base; Norfolk 1 - Salt Lake 3 |
| TOP OF THE 9TH |
|
Norfolk Tides batting - Pitching for Salt Lake Bees : RHP Eric Cunningham
|
|
Pitching: RHP Harry Christopher
|
|
|
Batting: LHB Tyler Allen
|
0-0: TRIPLE (Flyball, 89XD, EV 108.8 MPH)
|
|
Batting: LHB James Betron
|
0-0: Foul Ball, location: 2F 0-1: Ground out U3 (Groundball, 34S, EV 85.0 MPH) Tyler Allen scores
|
|
Batting: LHB Wes Goscinski
|
0-0: Ball 1-0: Called Strike 1-1: Ball 2-1: SINGLE (Groundball, 56, EV 108.1 MPH) (infield hit)
|
|
Batting: LHB Pat Shaddock
|
0-0: Foul Ball, location: 2F 0-1: Foul Ball, location: 2F 0-2: Strikes out swinging
|
|
Pinch Hitting: SHB Ben Pierce
|
0-0: Called Strike 0-1: Ball 1-1: Ball 2-1: 2-RUN HOME RUN (Flyball, 78XD, EV 112.5 MPH), Distance : 418 ft
|
|
Batting: RHB Francisco Viera
|
0-0: Swinging Strike 0-1: Foul Ball, location: 2F 0-2: Strikes out looking
|
| Top of the 9th over - 3 runs, 3 hits, 0 errors, 0 left on base; Norfolk 4 - Salt Lake 3 |
| BOTTOM OF THE 9TH |
|
Salt Lake Bees batting - Pitching for Norfolk Tides : LHP Juan Becerra
|
|
Pitching: RHP Roger Warren
|
|
|
Now at C: Adam Swimmer
|
|
|
Now at 2B: Francisco Viera
|
|
|
Now at SS: Andy Bridger
|
|
|
Now in LF: Edgar Franco
|
|
|
Batting: RHB Juan Martinez
|
0-0: Foul Ball, location: 2F 0-1: Ball 1-1: Called Strike 1-2: Ball 2-2: Foul Ball, location: 2F 2-2: Strikes out swinging
|
|
Batting: RHB Kinya Nishimura
|
0-0: Foul Ball, location: 2F 0-1: Hit by Pitch
|
|
Batting: RHB Kian-tat Chen
|
0-0: Ball 1-0: Ball 2-0: Ball 3-0: Called Strike 3-1: Fielders Choice at 2nd, 4-6 (Groundball, 4M, EV 77.5 MPH)
|
|
Batting: RHB Melvin Gomez
|
0-0: Ball 1-0: Called Strike 1-1: Called Strike 1-2: Ball 2-2: Foul Ball, location: 2F 2-2: Strikes out looking
|
| Bottom of the 9th over - 0 runs, 0 hits, 0 errors, 1 left on base; Norfolk 4 - Salt Lake 3 |
|